 Dungeon Crawl Stone Soup version 0.32-a0-119-g2e8054a333 (webtiles) character file.

Game seed: 6693048430620851294

2937 senseless the Fighter (level 9, -2/83 HPs)
             Began as a White Draconian Shapeshifter on Feb 6, 2024.
             Was an Initiate of the Shining One.
             Slain by an orc knight
             ... wielding a +0 trident
              (14 damage)
             ... in a bailey.
             The game lasted 00:14:06 (5814 turns).

senseless the Fighter (DrSh)                        Turns: 5814, Time: 00:14:07

Health: -2/83      AC:  7    Str: 18    XL:     9   Next: 51%
Magic:  10/10      EV: 17    Int: 11    God:    the Shining One [......]
Gold:   314        SH:  0    Dex: 19    Spells: 8/8 levels left

rFire   . . .        g - +9 sword of Power {lifebolt}
rCold   + . .        (shield currently unavailable)
rNeg    . . .        (body armour unavailable)
rPois   .            (helmet currently unavailable)
rElec   .            (cloak currently unavailable)
rCorr   .            (gloves currently unavailable)
SInv    .            (boots currently unavailable)
Will    .....        (no amulet)
Stlth   +            x - +6 ring of dexterity
HPRegen 0.33/turn    (no ring)
MPRegen 0.12/turn

%: no passive effects
@: beast-form, hasted, glowing, very quick
A: beast (slay +3), breathe frost, AC +7, unfitting armour, cold resistance 1,
cold-blooded
a: Breathe Frost, Begin Untransformation, Renounce Religion


You were in a bailey.
You worshipped the Shining One.
The Shining One was noncommittal.
You were a hulking beast.
You visited 2 branches of the dungeon, and saw 8 of its levels.
You also visited: Bailey.

You collected 314 gold pieces.

Inventory:

Hand Weapons
 g - the +9 sword of Power (weapon) {lifebolt}
   (You acquired it on level 4 of the Dungeon)
 o - a +5 heavy flail
Missiles
 v - 13 poisoned darts
Armour
 d - a +1 pair of gloves
Magical Staves
 j - a staff of cold
Jewellery
 x - a +6 ring of dexterity (left hand)
Talismans
 b - a beast talisman
 c - a flux talisman
Scrolls
 f - 4 scrolls of teleportation
 p - 3 scrolls of noise
 r - 2 scrolls of fear
 t - 4 scrolls of enchant weapon
Potions
 a - 2 potions of lignification
 e - 3 potions of haste
 h - 2 potions of cancellation {unknown}
 i - a potion of attraction
 k - a potion of brilliance
 l - 2 potions of curing
 n - 2 potions of enlightenment
 q - 2 potions of mutation
 u - a potion of magic {unknown}
 w - a potion of invisibility {unknown}


   Skills:
 * Level 9.3 Fighting
 * Level 7.9 Long Blades
 * Level 7.7 Dodging
 + Level 4.8 Unarmed Combat
 + Level 1.6 Invocations
 + Level 6.3 Shapeshifting


You had 8 spell levels left.
You didn't know any spells.
Your spell library contained the following spells:

 Spells                   Type           Power      Damage    Failure   Level
 Apportation              Tloc           0%         N/A       34%         1
 Blink                    Tloc           0%         N/A       47%         2
 Call Imp                 Summ           0%         N/A       47%         2
 Jinxbite                 Hex            0%         N/A       47%         2
 Lesser Beckoning         Tloc           0%         N/A       47%         2
 Momentum Strike          Conj/Tloc      0%         3d8       47%         2
 Sublimation of Blood     Necr           0%         N/A       47%         2
 Gell's Gravitas          Tloc           0%         N/A       71%         3
 Teleport Other           Tloc           0%         N/A       71%         3
 Alistair's Intoxication  Alch           0%         N/A       100%        5
 Summon Hydra             Summ           0%         N/A       100%        7


Dungeon Overview and Level Annotations

Branches:
Dungeon (7/15)             Temple (1/1) D:6          Bailey (1/1)

Altars:
Ashenzari
Cheibriados
Dithmenos
Elyvilon
Fedhas
Gozag
Hepliaklqana
Kikubaaqudgha
Makhleb
Nemelex Xobeh
Okawaru
Qazlal
Ru
Sif Muna
Trog
Uskayaw
Vehumet
Wu Jian
Xom
Yredelemnul
Zin
The Shining One


Innate Abilities, Weirdness & Mutations

You are a hulking beast.
Your limbs bulge with bestial killing power. (Slay +3)
You can breathe waves of freezing cold which knock back foes.
Your icy white scales are hard. (AC +7)
You cannot fit into any form of body armour.
Your flesh is cold resistant. (rC+)
You are cold-blooded and may be slowed by cold attacks.


Message History

There is a gate leading back out of this place here.
You slice the orc warrior!!
The orc warrior is severely wounded.
An orc knight comes into view. It is wielding a +0 halberd.
The orc warrior barely misses you.
You slash the orc warrior!
You kill the orc warrior!
No target in view!
Found a manual of Shields.
You see here 3 scrolls of enchant weapon.
Press: ? - help, v - describe, . - travel, g - get item Item here: a manual of Shields.
The floor.
There is an open gate here.
You have got your breath back.
The orc knight roars a battlecry!
The orc knight goes into a battle-frenzy!
The orc knight attacks as it pursues you!
The orc knight hits you from afar with a +0 trident!!
The orc knight roars a battlecry!
The orc knight goes into a battle-frenzy!
You fail to use your ability.
The orc knight completely misses you.
You slice the orc knight!! You tail-slap the orc knight!
The orc knight is heavily wounded.
The orc knight hits you with a +0 trident!
The orc knight barely misses you.
The orc knight hits you with a +0 trident!
You barely miss the orc knight.
The orc knight is heavily wounded.
The orc knight no longer looks unusually strong.
The orc knight sings a few bars from the Orcish anthem.
The orc knight roars a battlecry!
The orc knight goes into a battle-frenzy!
The orc knight hits you with a +0 trident!
* * * LOW HITPOINT WARNING * * *
The orc knight hits you from afar with a +0 halberd.
* * * LOW HITPOINT WARNING * * *
You feel yourself speed up.
The orc knight hits you with a +0 trident!
You die...

...............................
.. ≈≈≈≈.................≈≈≈≈≈....
.≈ ###≈≈...............≈≈###≈≈...
.≈##.##≈...............≈##.##≈...
.≈#..)))....................#≈...
.≈##.∩#≈...............≈#∩.##≈...
.≈≈#.##≈......###......≈##.#≈≈...
..≈≈.≈≈≈...#########...≈≈≈)≈≈....
..........##..o.h..##.......))...
.........##..#'#o#..##...........
.........#..##)#)##..#...........
........##o#########.##..........
........##.')#:.)#)'.##..........
........##.###.ß.###.##..........
........##o')#..)#)'.##..........
........##.####o####.##..........
.........#..##o?∩##..##..........


You could see 2 orc knights.

Vanquished Creatures
  Menkaure (D:4)
  Edmund (D:4)
  10 orc warriors (Bailey)
  A black bear (D:5)
  An ogre (D:5)
  2 centaurs
  A phantom (D:5)
  Blork the orc (D:6)
  2 bullfrogs (D:6)
  A scorpion (D:5)
  A gnoll sergeant (D:5)
  4 hounds
  3 jellies
  2 gnoll boudas (D:5)
  A sleepcap (D:4)
  3 iguanas
  3 adders
  7 gnolls (D:5)
  An ufetubus (D:5)
  2 dart slugs
  A ribbon worm (D:4)
  15 orcs
  5 ball pythons
  An endoplasm (D:4)
  2 giant cockroaches (D:4)
  9 goblins
  5 hobgoblins
  5 quokkas
  2 bats (D:1)
  2 frilled lizards (D:1)
  6 kobolds
  7 rats
108 creatures vanquished.

Notes
Turn   | Place    | Note
-------+----------+-------------------------------------------
     0 | D:1      | senseless the Draconian Shapeshifter began the quest for
                  | the Orb.
     0 | D:1      | Reached XP level 1. HP: 16/16 MP: 1/1
   152 | D:1      | Found a faded altar of an unknown god.
   558 | D:1      | Reached XP level 2. HP: 22/23 MP: 2/2
  1120 | D:2      | Found an ornate altar of the Wu Jian Council.
  1763 | D:3      | Reached XP level 3. HP: 29/29 MP: 3/3
  1897 | D:3      | Reached skill level 2 in Fighting
  2352 | D:4      | Noticed Menkaure
  2359 | D:3      | Reached XP level 4. HP: 33/37 MP: 4/4
  2492 | D:4      | Identified a scroll of acquirement
  2492 | D:4      | Acquired the +9 sword of Power {lifebolt}
  2492 | D:4      | Found the +9 sword of Power {lifebolt}
  2509 | D:4      | Reached XP level 5. HP: 40/44 MP: 5/5
  2522 | D:4      | Killed Menkaure
  2523 | D:4      | Reached skill level 3 in Fighting
  2523 | D:4      | Reached skill level 1 in Long Blades
  2699 | D:4      | Reached XP level 6. HP: 47/51 MP: 6/6
  2838 | D:4      | Noticed Edmund
  2848 | D:4      | Killed Edmund
  2850 | D:4      | Reached skill level 4 in Fighting
  3307 | D:5      | Entered Level 5 of the Dungeon
  3465 | D:5      | Your scales start taking on an icy white colour.
  3465 | D:5      | Reached XP level 7. HP: 46/59 MP: 7/7
  3465 | D:5      | Gained mutation: Your flesh is cold resistant. (rC+) [White
                  | Draconian growth]
  3594 | D:5      | Reached skill level 8 in Fighting
  3594 | D:5      | Reached XP level 8. HP: 75/75 MP: 8/8
  4308 | D:6      | Found a staircase to the Ecumenical Temple.
  4324 | Temple   | Entered the Ecumenical Temple
  4330 | Temple   | Became a worshipper of the Shining One
  4671 | D:6      | Found a burning altar of Makhleb.
  4671 | D:6      | Found a snail-covered altar of Cheibriados.
  4677 | D:6      | Found a broken altar of Ashenzari.
  4679 | D:6      | Found an ornate altar of the Wu Jian Council.
  4681 | D:6      | Found a shadowy altar of Dithmenos.
  4715 | D:6      | Noticed Blork the orc
  4718 | D:6      | Killed Blork the orc
  4726 | D:6      | Reached skill level 9 in Fighting
  4726 | D:6      | Reached XP level 9. HP: 83/83 MP: 9/9
  4942 | D:7      | Found a flagged portal.
  4952 | Bailey   | Entered a bailey
  5257 | Bailey   | Reached skill level 1 in Invocations
  5788 | Bailey   | Noticed an orc knight
  5791 | Bailey   | Noticed an orc knight
  5814 | Bailey   | Slain by an orc knight

Illustrated notes

Levels and vault maps discovered:
D:1:      ebering_trefoil_3fold, layout_loops_corners, basic_ecumenical_altar
D:2:      layout_loops_ring, basic_altar
D:3:      layout_basic, minmay_pentomino_pile
D:4:      layout_cave_pools, serial_co_window_serial, co_window_paths_a,
          co_window_paths_a, co_window_paths_a, co_window_of_opportunity_a,
          co_window_paths_a, co_window_paths_a, co_window_broadway_b,
          co_window_broadway_c, co_window_of_opportunity_b, glass_columns_a,
          glass_columns_c, glass_columns_b, glass_columns_b, st_stairs_6,
          chequers_arboretum, eino_small_chamber_without_monster,
          serial_bayou_pond_e, uniq_menkaure, uniq_edmund
D:5:      layout_gridville, st_stairs_2, nicolae_letterblocks
          [nicolae_letter_subblock, nicolae_letter_subblock,
          nicolae_letter_subblock, nicolae_letter_subblock,
          nicolae_letter_subblock, nicolae_letter_subblock,
          nicolae_letter_subblock, nicolae_letter_subblock,
          nicolae_letter_subblock, nicolae_letter_subblock,
          nicolae_letter_subblock, nicolae_letter_subblock,
          nicolae_letter_subblock, nicolae_letter_subblock,
          nicolae_letter_subblock, nicolae_letter_subblock,
          nicolae_letter_subblock, nicolae_letter_subblock,
          nicolae_letter_subblock, nicolae_letter_subblock,
          nicolae_letter_subblock, nicolae_letter_subblock,
          nicolae_letter_subblock, nicolae_letter_subblock,
          nicolae_letter_subblock]
D:6:      layout_gridville, chequers_temple_overflow_minitemple,
          minmay_temple_entry_water_ring, uniq_blork_the_orc
D:7:      layout_basic, hellmonk_ghost_happy_afterlife, enter_bailey_2,
          lightli_ossuary_entry_decrepit_ruins, kennysheep_opposing_triangles
Temple:   nicolae_temple_bog_church
Bailey:   bailey_polearm_2, bailey

Skill      XL: |  1  2  3  4  5  6  7  8  9 |
---------------+----------------------------+-----
Dodging        | 2 3 7 |  7.7
Fighting       | 2 3 4 8 9 |  9.3
Long Blades    | 1 2 7 |  7.9
Unarmed Combat | 4 |  4.8
Shapeshifting  | 4 6 |  6.3
Invocations    | 1 |  1.6

Action                     |  1- 3 |  4- 6 |  7- 9 || total
---------------------------+-------+-------+-------++-------
  Melee: Unarmed           |    99 |    13 |       ||   112
         Tailslap          |    11 |     4 |    11 ||    26
         Punch             |     2 |       |       ||     2
         Great sword       |       |    36 |    79 ||   115
  Throw: Dart              |       |     2 |       ||     2
Ability: Breathe Frost     |       |       |    14 ||    14
    Use: Scroll            |       |    15 |     3 ||    18
         Potion            |       |     1 |     2 ||     3
   Stab: Sleeping          |     2 |       |       ||     2
         Distracted        |       |     1 |       ||     1
 Armour: Skin              |    51 |    35 |    73 ||   159
  Dodge: Dodged            |    64 |    33 |   102 ||   199

Table legend: (Time is in decaauts)
 A = Elapsed time spent in this place.
 B = Non-inter-level travel time spent in this place.
 C = Inter-level travel time spent in this place.
 D = Time resting spent in this place.
 E = Time spent auto-exploring this place.
 F = Levels seen in this place.
 G = Mean time per level.
                   A        B        C        D        E       F      G
               +--------+--------+--------+--------+--------+-----+--------+
         Total |   5858 |   5595 |    263 |     56 |   4774 |   9 |  650.9 |
       Dungeon |   4971 |   4713 |    258 |     56 |   4030 |   7 |  710.1 |
        Temple |     12 |      7 |      5 |      0 |      0 |   1 |   12.0 |
        Bailey |    875 |    875 |      0 |      0 |    744 |   1 |  875.0 |
               +--------+--------+--------+--------+--------+-----+--------+

Top non-repeatable levels by time:
     D:5: 990 daAuts
     D:1: 942 daAuts
     D:4: 921 daAuts
     D:3: 907 daAuts
  Bailey: 875 daAuts
     D:6: 642 daAuts
     D:2: 551 daAuts
     D:7: 15 daAuts
  Temple: 12 daAuts
